 Dungeon Crawl Stone Soup version 0.29-a0-575-g0dc89cf053 (webtiles) character file.

Game seed: 17659897747483334348

84 blackman the Sneak (level 4, 35/35 HPs)
             Began as a Human Delver on Feb 4, 2022.
             Was an Initiate of Ru.
             Quit the game on level 2 of the Dungeon on June 13, 2022.
             The game lasted 00:07:24 (2032 turns).

blackman the Sneak (Human Delver)                   Turns: 2032, Time: 00:07:25

Health: 35/35      AC:  8    Str: 15    XL:     4   Next: 72%
Magic:  4/4        EV:  7    Int: 10    God:    Ru [......]
Gold:   69         SH:  5    Dex: 20    Spells: 3/3 levels left

rFire   . . .      SeeInvis .   a - +0 hand axe
rCold   . . .      Faith    .   (no shield)
rNeg    . . .      Spirit   .   d - +0 chain mail
rPois   .          Reflect  +   (no helmet)
rElec   .          Harm     .   (no cloak)
rCorr   .          Rampage  .   (no gloves)
Will    .....                   (no boots)
Stlth   ..........              i - amulet of reflection
HPRegen 0.11/turn               k - +6 ring of dexterity
MPRegen 0.09/turn               (no ring)

@: no status effects
A: no striking features
a: Renounce Religion


You were on level 2 of the Dungeon.
You worshipped Ru.
Ru was noncommittal.
You visited 2 branches of the dungeon, and saw 5 of its levels.

You collected 69 gold pieces.

Inventory:

Hand Weapons
 a - a +0 hand axe (weapon)
Armour
 b - a +0 leather armour
 d - a +0 chain mail (worn)
Jewellery
 i - an amulet of reflection (around neck)
 k - a +6 ring of dexterity (left hand)
 n - a ring of willpower
Wands
 g - a wand of digging (3)
Scrolls
 c - a scroll of fog
 e - a scroll of fear
 l - 2 scrolls of identify {unknown}
Potions
 f - 2 potions of haste
 h - a potion of mutation {unknown}
 j - a potion of berserk rage {unknown}
 m - 2 potions of attraction {unknown}


   Skills:
 - Level 3.3 Fighting
 + Level 3.6 Axes
 - Level 2.4 Dodging
 - Level 5.2 Stealth


You had 3 spell levels left.
You didn't know any spells.
Your spell library contained the following spells:

 Spells                   Type           Power      Damage    Failure   Level
 Ozocubu's Armour         Ice            0%         N/A       100%        3
 Ozocubu's Refrigeration  Ice            0%         4d5       100%        7


Dungeon Overview and Level Annotations

Branches:
Dungeon (5/15)             Temple (1/1) D:5

Altars:
Ashenzari
Cheibriados
Dithmenos
Elyvilon
Fedhas
Gozag
Hepliaklqana
Kikubaaqudgha
Makhleb
Nemelex Xobeh
Okawaru
Qazlal
Ru
Sif Muna
Trog
Uskayaw
Wu Jian
Xom
Yredelemnul
Zin
The Shining One

Annotations:
D:5 Sigmund


Message History

No target in view!
No target in view!
No target in view!
No target in view!
No target in view!
No target in view!
No target in view!
No target in view!
No target in view!
No target in view!
No target in view!
No target in view!
Key pressed, stopping explore.
Key pressed, stopping explore.
Key pressed, stopping explore.
You see here 15 stones.
Things that are here:
a +0 short sword; a +0 short sword Done exploring.
Welcome back, blackman the Human Delver.
Ru says: Cut away your false body!
Press ? for a list of commands and other information.
Are you sure you want to abandon this character and quit the game? (Confirm with "yes".)
Okay, then.
Saving game... please wait.
Welcome back, blackman the Human Delver.
Ru says: Cut away your false body!
Press ? for a list of commands and other information.
Saving game... please wait.
Welcome back, blackman the Human Delver.
Ru says: Cut away your false body!
Press ? for a list of commands and other information.
Saving game... please wait.
Welcome back, blackman the Human Delver.
Ru says: Cut away your false body!
Press ? for a list of commands and other information.
Welcome back, blackman the Human Delver.
Ru says: Cut away your false body!
Press ? for a list of commands and other information.
Are you sure you want to abandon this character and quit the game? (Confirm with "yes".)

# #.# ##########.#
........##.#
#######.##.# #
#.##.#### #
#.##....# #
##.#####.#### #
#....)......#
######..#####.##@#
..............##.#
#......).....###.#
#..≈≈........# #.#
#.≈..≈.......###.#
≈≈≈..≈..≈≈...≈##.#
≈≈..≈..≈..≈..≈≈#.#
≈...≈.⌠≈..≈..≈≈###
≈..≈..≈⌠.≈...≈≈#


There were no monsters in sight!

Vanquished Creatures
  A hound skeleton (D:4)
  3 adders
  An ufetubus (D:5)
  4 dart slugs (D:2)
  An orc (D:4)
  2 endoplasms (D:2)
  A giant cockroach (D:2)
  2 goblins
  3 hobgoblins (D:2)
  A quokka (D:4)
  A ball python (D:4)
  3 bats (D:2)
  3 frilled lizards
  5 kobolds (D:2)
  A rat (D:2)
32 creatures vanquished.

Vanquished Creatures (others)
  3 plants (D:3)
3 creatures vanquished.

Grand Total: 35 creatures vanquished

Notes
Turn   | Place    | Note
-------+----------+-------------------------------------------
     0 | D:5      | blackman the Human Delver began the quest for the Orb.
     0 | D:5      | Reached XP level 1. HP: 18/18 MP: 1/1
   262 | D:5      | Found a staircase to the Ecumenical Temple.
   265 | D:5      | Noticed Sigmund
   271 | Temple   | Entered the Ecumenical Temple
   359 | Temple   | Became a worshipper of Ru the Awakened
   399 | D:4      | Reached XP level 2. HP: 18/24 MP: 2/2
   726 | D:4      | Reached XP level 3. HP: 26/29 MP: 3/3
  1393 | D:2      | Reached XP level 4. HP: 35/35 MP: 4/4
  2032 | D:2      | Upgraded the game from 0.29-a0-82-g837932c90e to
                  | 0.29-a0-575-g0dc89cf053
  2032 | D:2      | Quit the game

Illustrated notes

Levels and vault maps discovered:
D:2:      cheibrodos_helix_gallery, layout_loops_ring
D:3:      layout_basic, serial_shops, shop, nicolae_shop_window_shopping,
          serial_bayou, serial_bayou_pond_e, serial_bayou_pond_c,
          serial_bayou_pond_b, serial_bayou_pond_e, minmay_surrounded
D:4:      layout_basic, uniq_duvessa, uniq_pikel
D:5:      minmay_inner_zag, layout_gridville, minmay_temple_entry_tees,
          enter_ossuary_2, uniq_sigmund, uniq_prince_ribbit1
Temple:   dpeg_three_leaves_temple

Skill      XL: |  1  2  3  4 |
---------------+-------------+-----
Axes           | 3 |  3.6
Fighting       | |  3.3
Dodging        | |  2.4
Stealth        | |  5.2

Action                   |  1- 3 |  4- 6 || total
-------------------------+-------+-------++-------
Melee: Hand axe          |    51 |    69 ||   120
       Punch             |     1 |       ||     1
  Use: Scroll            |     2 |       ||     2
 Stab: Sleeping          |     1 |       ||     1
Armor: Leather armour    |     3 |       ||     3
       Chain mail        |    22 |    52 ||    74
Dodge: Dodged            |    23 |    26 ||    49
Block: Other             |     3 |    19 ||    22

Table legend: (Time is in decaauts)
 A = Elapsed time spent in this place.
 B = Non-inter-level travel time spent in this place.
 C = Inter-level travel time spent in this place.
 D = Time resting spent in this place.
 E = Time spent auto-exploring this place.
 F = Levels seen in this place.
 G = Mean time per level.
                   A        B        C        D        E       F      G
               +--------+--------+--------+--------+--------+-----+--------+
         Total |   2051 |   2002 |     49 |    751 |    864 |   5 |  410.2 |
       Dungeon |   1960 |   1925 |     35 |    751 |    802 |   4 |  490.0 |
        Temple |     91 |     77 |     14 |      0 |     62 |   1 |   91.0 |
               +--------+--------+--------+--------+--------+-----+--------+

Top non-repeatable levels by time:
     D:2: 967 daAuts
     D:4: 355 daAuts
     D:3: 347 daAuts
     D:5: 290 daAuts
  Temple: 91 daAuts
